 Dungeon Crawl Stone Soup version 0.30-a0-304-gdc4b735fe1 (webtiles) character file.

Game seed: 8000669779248602459

522 Iusername the Shield-Bearer (level 7, 0/62 HPs)
             Began as a Minotaur Fighter on Oct 20, 2022.
             Slain by a gnoll
             ... wielding a +0 club
              (3 damage)
             ... on level 4 of the Dungeon.
             The game lasted 00:03:04 (2735 turns).

Iusername the Shield-Bearer (Minotaur Fighter)      Turns: 2735, Time: 00:03:05

Health: 0/62       AC:  7    Str: 23    XL:     7   Next: 1%
Magic:  6/6        EV:  9    Int:  5    God:
Gold:   232        SH:  5    Dex:  9    Spells: 6/6 levels left

rFire   . . .      SeeInvis .    a - +0 war axe
rCold   . . .      Faith    .    c - +0 buckler
rNeg    . . .      Spirit   .    b - +0 scale mail
rPois   .          Reflect  .    (helmet restricted)
rElec   .          Harm     .    (no cloak)
rCorr   .          Rampage  .    (no gloves)
Will    .....                    (no boots)
Stlth   ..........               (no amulet)
HPRegen 0.30/turn                (no ring)
MPRegen 0.10/turn                (no ring)

@: mighty
A: horns 2, retaliatory headbutt
a: no special abilities


You were on level 4 of the Dungeon.
You visited 1 branch of the dungeon, and saw 4 of its levels.

You collected 232 gold pieces.

Inventory:

Hand Weapons
 a - a +0 war axe (weapon)
Armour
 b - a +0 scale mail (worn)
 c - a +0 buckler (worn)
Jewellery
 j - a ring of magical power
 k - an amulet of faith
Wands
 u - a wand of mindburst (26)
 v - a wand of paralysis (8)
Scrolls
 e - a scroll of identify
 f - a scroll of magic mapping
 h - a scroll of noise {unknown}
 l - a scroll of poison {unknown}
 o - a scroll of teleportation
 p - a scroll of amnesia {unknown}
 q - a scroll of summoning {unknown}
 r - a scroll of blinking {unknown}
 s - a scroll of fog
Potions
 g - 3 potions of flight
 t - a potion of magic


   Skills:
 + Level 5.6 Fighting
 + Level 5.1 Axes
 + Level 5.6 Armour
 + Level 5.7 Shields


You had 6 spell levels left.
You didn't know any spells.
Your spell library contained the following spells:

 Spells                   Type           Power      Damage    Failure   Level
 Ensorcelled Hibernation  Hex/Ice        0%         N/A       94%         2
 Passwall                 Tmut/Erth      0%         N/A       94%         2
 Gell's Gravitas          Tloc           0%         N/A       99%         3
 Lesser Beckoning         Tloc           0%         N/A       99%         3
 Swiftness                Air            0%         N/A       99%         3
 Teleport Other           Tloc           0%         N/A       99%         3


Dungeon Overview and Level Annotations

Branches:
Dungeon (4/15)
 Temple: D:4-7

Altars:


Innate Abilities, Weirdness & Mutations

You have a pair of horns on your head.
You reflexively headbutt those who attack you in melee.


Message History

The gnoll bouda gazes fiercely through you!
You feel your attacks grow feeble.
The gnoll bouda hits you with a +0 whip.
The gnoll hits you from afar with a +0 spear.
The gnoll bouda closely misses you. The gnoll barely misses you.
Items here: ))) [ †.
Unknown command.
You barely miss the gnoll. You closely miss the gnoll bouda.
The gnoll bouda closely misses you. You block the gnoll's attack.
Unknown command.
Unknown command.
You slash the gnoll!
The gnoll is severely wounded.
You completely miss the gnoll bouda.
The gnoll bouda hits you with a +0 whip.
* * * LOW HITPOINT WARNING * * *
The gnoll hits you but does no damage.
The gnoll bouda barks out a call to the hunt!
The gnoll picks up the pace!
The gnoll hits you with a +0 spear.
* * * LOW HITPOINT WARNING * * *
You hit the gnoll but do no damage. You headbutt the gnoll.
You kill the gnoll!
You hit the gnoll bouda.
The gnoll bouda hits you with a +0 whip.
* * * LOW HITPOINT WARNING * * *
The gnoll hits you with a +0 club.
* * * LOW HITPOINT WARNING * * *
You have reached level 7!
You slash the gnoll! Your headbutt misses the gnoll.
The gnoll is severely wounded.
You barely miss the gnoll bouda.
Your attacks no longer feel as feeble.
You block the gnoll bouda's attack. The gnoll hits you with a +0 club.
* * * LOW HITPOINT WARNING * * *
You feel very mighty all of a sudden.
The gnoll bouda hits you with a +0 whip!
* * * LOW HITPOINT WARNING * * *
The gnoll hits you with a +0 club.
You die...

......................
~≈~~~~~~~~~~~~~≈~~~...
≈≈≈≈≈≈~≈†)≈≈≈≈≈≈≈≈~...
~≈#####~~~~~~~~≈≈~~...
≈ #...#...........(...
#...#############'')
###'#...........#..)
#.g...........').)
#@#...........#)..
#g################
#.....)# #.).g..#
#.###'## #.# ...# #.#
..# #'# ..'. ..# ####


You could see a gnoll bouda and a gnoll (swift).

Vanquished Creatures
  Sigmund (D:2)
  An orc priest (D:3)
  Ijyb (D:3)
  An orc wizard (D:4)
  13 gnolls (D:4)
  6 adders
  3 worms
  A dart slug (D:2)
  10 orcs
  5 ball pythons
  7 bats
  6 endoplasms
  2 giant cockroaches (D:2)
  5 goblins
  5 hobgoblins
  13 jackals
  2 quokkas
  2 frilled lizards
  5 kobolds
  5 rats
94 creatures vanquished.

Notes
Turn   | Place    | Note
-------+----------+-------------------------------------------
     0 | D:1      | Iusername the Minotaur Fighter began the quest for the Orb.
     0 | D:1      | Reached XP level 1. HP: 19/19 MP: 0/0
   169 | D:1      | Reached XP level 2. HP: 25/27 MP: 1/1
   679 | D:2      | Reached XP level 3. HP: 31/33 MP: 2/2
   780 | D:2      | Noticed Sigmund
   786 | D:2      | Killed Sigmund
   787 | D:2      | Reached XP level 4. HP: 29/41 MP: 3/3
   787 | D:2      | Reached XP level 5. HP: 33/47 MP: 4/4
  1079 | D:2      | Reached skill level 5 in Fighting
  1079 | D:2      | Reached skill level 5 in Shields
  1108 | D:2      | Reached skill level 5 in Armour
  1695 | D:3      | Reached XP level 6. HP: 41/56 MP: 5/5
  2106 | D:3      | Noticed Ijyb
  2116 | D:3      | Killed Ijyb
  2528 | D:4      | Reached skill level 5 in Axes
  2734 | D:4      | Reached XP level 7. HP: 15/62 MP: 6/6
  2735 | D:4      | HP: 3/62 [gnoll bouda/+0 whip (11)]
  2735 | D:4      | Slain by a gnoll

Illustrated notes

Levels and vault maps discovered:
D:1:      heliophobic_arrival_enchanted_forest, layout_loops_ring
D:2:      layout_basic, kennysheep_cross_room, uniq_sigmund
D:3:      layout_basic, uniq_ijyb
D:4:      lemuel_castle_with_subvaults [lemuel_castle_interior_carwin_1],
          layout_loops_ring

Skill      XL: |  1  2  3  4  5  6 |
---------------+-------------------+-----
Fighting       | 4 5 |  5.6
Axes           | 3 4 5 |  5.1
Armour         | 4 5 |  5.6
Shields        | 4 5 |  5.7

Action                   |  1- 3 |  4- 6 |  7- 9 || total
-------------------------+-------+-------+-------++-------
Melee: War axe           |    50 |   140 |     1 ||   191
       Headbutt          |     6 |    23 |       ||    29
  Use: Scroll            |       |     8 |       ||     8
       Potion            |       |     5 |     1 ||     6
Armor: Scale mail        |    29 |    78 |       ||   107
Dodge: Dodged            |    31 |    86 |       ||   117
Block: Buckler           |    14 |    37 |     1 ||    52

Table legend: (Time is in decaauts)
 A = Elapsed time spent in this place.
 B = Non-inter-level travel time spent in this place.
 C = Inter-level travel time spent in this place.
 D = Time resting spent in this place.
 E = Time spent auto-exploring this place.
 F = Levels seen in this place.
 G = Mean time per level.
                   A        B        C        D        E       F      G
               +--------+--------+--------+--------+--------+-----+--------+
         Total |   2778 |   2721 |     57 |      0 |   2239 |   4 |  694.5 |
       Dungeon |   2778 |   2721 |     57 |      0 |   2239 |   4 |  694.5 |
               +--------+--------+--------+--------+--------+-----+--------+

Top non-repeatable levels by time:
     D:2: 962 daAuts
     D:1: 665 daAuts
     D:3: 636 daAuts
     D:4: 514 daAuts
